 Dungeon Crawl Stone Soup version 0.29.1-13-g9f3cf754e1 (webtiles) character file.

Game seed: 6944228805244688095

3115 nonceun the Cleaver (level 9, -3/84 HPs)
             Began as a Minotaur Berserker on Jan 26, 2023.
             Was a Priest of Trog.
             Collided with a rock wall (8 damage)
             ... caused by Erica
             ... on level 8 of the Dungeon.
             The game lasted 00:26:48 (7212 turns).

nonceun the Cleaver (Minotaur Berserker)            Turns: 7212, Time: 00:26:49

Health: -3/84      AC: 14    Str: 26    XL:     9   Next: 60%
Magic:  8/8        EV: 10    Int:  4    God:    Trog [***...]
Gold:   448        SH:  5    Dex: 10    Spells: 8/8 levels left

rFire   x . .      SeeInvis .   a - +1 war axe
rCold   + + .      Faith    .   x - +1 buckler
rNeg    . . .      Spirit   .   A - +0 ice dragon scales
rPois   +          Reflect  .   B - +2 hood of the Assassin {Detection Stab+ Stlth++}
rElec   .          Harm     .   E - +0 cloak
rCorr   +          Rampage  .   C - +0 pair of gloves
Will    ++...                   (no boots)
Stlth   +.........              H - amulet of regeneration
HPRegen 2.04/turn               l - ring of resist corrosion
MPRegen 0.11/turn               t - ring of poison resistance

@: strong-willed (expiring), regenerating (expiring), slowed, very slow
A: horns 2, retaliatory headbutt
a: Renounce Religion, Berserk, Trog's Hand


You were on level 8 of the Dungeon.
You worshipped Trog.
Trog was most pleased with you.
You visited 2 branches of the dungeon, and saw 9 of its levels.
You also visited: Ossuary.

You collected 448 gold pieces.

Inventory:

Hand Weapons
 a - a +1 war axe (weapon)
Missiles
 c - 71 stones (quivered)
 z - a throwing net
Armour
 i - a +3 leather armour
 x - a +1 buckler (worn)
 A - +0 ice dragon scales (worn)
 B - the +2 hood of the Assassin (worn) {Detection Stab+ Stlth++}
   (You found it on level 6 of the Dungeon)

   It allows the wearer to sense nearby creatures.
   It allows the wearer to make particularly effective stabbing attacks against
   helpless or unaware enemies with any weapon.
   Stlth:     It makes you much more stealthy.
 C - a +0 pair of gloves (worn)
 E - a +0 cloak (worn)
Jewellery
 l - a ring of resist corrosion (left hand)
 t - a ring of poison resistance (right hand)
 F - a ring of fire
 H - an amulet of regeneration (around neck)
 J - an amulet of the acrobat
Scrolls
 b - a scroll of enchant armour
 d - a scroll of acquirement {unknown}
 e - 6 scrolls of teleportation
 f - 3 scrolls of immolation
 g - 14 scrolls of identify
 k - 2 scrolls of fear
 n - a scroll of amnesia {unknown}
 o - a scroll of magic mapping
 q - a scroll of enchant weapon
 r - 2 scrolls of blinking
 s - a scroll of silence
 w - 4 scrolls of noise
 y - a scroll of torment
 K - a scroll of poison
Potions
 h - 3 potions of haste {unknown}
 j - 3 potions of degeneration {unknown}
 m - 2 potions of berserk rage {unknown}
 p - 3 potions of curing {unknown}
 u - a potion of attraction {unknown}
 v - 3 potions of resistance {unknown}
 D - a potion of brilliance {unknown}
 G - a potion of might {unknown}
 I - a potion of mutation {unknown}


   Skills:
 * Level 9.4 Fighting
 + Level 13.6 Axes
 - Level 2.4 Armour
 - Level 2.1 Dodging
 + Level 2.4 Shields


You had 8 spell levels left.
You didn't know any spells.
Your spell library contained the following spells:

 Spells                   Type           Power      Damage    Failure   Level
 Shock                    Conj/Air       0%         1d3       91%         1
 Blink                    Tloc           0%         N/A       97%         2
 Ensorcelled Hibernation  Hex/Ice        0%         N/A       97%         2
 Passwall                 Tmut/Erth      0%         N/A       97%         2
 Scorch                   Fire           0%         2d5       97%         2
 Sublimation of Blood     Necr           0%         N/A       97%         2
 Wereblood                Tmut           0%         N/A       97%         2
 Frozen Ramparts          Ice            0%         1d1       99%         3
 Gell's Gravitas          Tloc           0%         N/A       99%         3
 Lesser Beckoning         Tloc           0%         N/A       99%         3
 Swiftness                Air            0%         N/A       99%         3
 Teleport Other           Tloc           0%         N/A       99%         3
 Airstrike                Air            0%         2d(0-16)  100%        4
 Flame Wave               Conj/Fire      0%         2d4       100%        4
 Ice Form                 Ice/Tmut       0%         N/A       100%        4
 Summon Ice Beast         Ice/Summ       0%         N/A       100%        4
 Manifold Assault         Tloc           0%         N/A       100%        5
 Summon Cactus Giant      Summ           0%         N/A       100%        6
 Storm Form               Tmut/Air       0%         N/A       100%        7
 Summon Hydra             Summ           0%         N/A       100%        7


Dungeon Overview and Level Annotations

Branches:
Dungeon (8/15)             Temple (1/1) D:5         Ossuary (visited)
   Lair: D:8-11

Altars:
Cheibriados
Makhleb
Okawaru
Ru
Vehumet
Zin
The Shining One

Shops:
D:3 [

Portals:
Bailey: D:8

Annotations:
D:8 Erica


Innate Abilities, Weirdness & Mutations

You have a pair of horns on your head.
You reflexively headbutt those who attack you in melee.


Message History

The steam dragon is almost dead.
You hit the orc. The orc hits you but does no damage.
The orc wizard mumbles some strange words.
The orc wizard flickers and vanishes!
Deactivating autopickup; reactivate with Ctrl-A.
The steam dragon bites you but does no damage.
The steam dragon claws you but does no damage.
Erica gestures wildly while chanting.
Erica flickers and vanishes!
You closely miss the steam dragon.
The steam dragon is almost dead.
You closely miss the orc. The steam dragon barely misses you.
You furiously retaliate!
You headbutt the steam dragon, but do no damage.
The steam dragon claws you but does no damage.
The steam dragon breathes steam at you. The ball of steam hits you.
The steam scalds you terribly!
You slash the steam dragon!
You kill the steam dragon!
Trog accepts your kill.
You closely miss something.
You are engulfed in a cloud of scalding steam.
Something hits you. Something burns you. The orc attacks as you move away!
The orc barely misses you. Something hits you! Something burns you.
You feel the effects of Trog's Hand fading.
You slash the orc!
You kill the orc!
Trog accepts your kill.
You slash something! Something hits you. Something burns you.
* * * LOW HITPOINT WARNING * * *
Something hits you but does no damage. x2
Something hits you but does no damage.
You hear some strange, mumbled words.
A lance of force appears from out of thin air!
The lance of force hits you!!
* * * LOW HITPOINT WARNING * * *
You are knocked back by the lance of force.
You slam into the rock wall!
You die...

#§##.........##...# *,,*
#§##....8.......o.# *,,**
####.###.#..........#* *<,,,
*#...........##.###..# **,**
..........#$.†{§.....# **,**
.#.##.##.....§{§.###.###*****,,,*
,#.*#.###....##..###....,,,,,,,,,
,#,*#.# #.#..........#*******,,,*
,*,*#.#*#....###@###.####****,,,*
,,,,...,.....# #.#...##..,,,,,,,.
,*,*##*##...## #...#.##.#*****,*#
,*,* #...######..$##.# *,** ,*,*
#............##.# *,** ,*,*
*,.######....##.######.** ,,,*
*,.........#......[..?.* *,,*
*****.#######...##.######**
*,,***,,,*,* ##.###># #######


There were no monsters in sight!

Vanquished Creatures
  A troll (D:6)
  A hornet (D:7)
  A steam dragon (D:8)
  Menkaure (D:7)
  A water moccasin (D:6)
  An orc warrior (D:7)
  A sky beast (D:6)
  A black bear (D:6)
  An ice beast (D:7)
  3 ogres
  2 phantoms
  A kobold brigand (D:7)
  3 elf zombies (Ossuary)
  A scorpion (D:6)
  4 wights (D:7)
  2 howler monkeys (D:8)
  A quasit (D:7)
  3 hounds
  A human zombie (Ossuary)
  3 jellies
  4 orc priests
  4 iguanas
  8 orc wizards
  A hound zombie (Ossuary)
  4 mummies (Ossuary)
  5 adders
  3 gnolls
  4 shadow imps
  4 white imps (D:7)
  5 ufetubi
  A worm (Temple)
  3 dart slugs
  27 orcs
  5 endoplasms
  A giant cockroach (D:1)
  A gnoll zombie (Ossuary)
  3 goblins
  4 hobgoblins
  4 quokkas
  9 ball pythons
  4 bats
  2 frilled lizards
  A goblin zombie (Ossuary)
  2 hobgoblin zombies (Ossuary)
  A jackal zombie (Ossuary)
  12 kobolds
  2 orc zombies (Ossuary)
  2 rats (D:1)
159 creatures vanquished.

Vanquished Creatures (others)
  An orc (D:8)
  5 demonic plants (D:7)
6 creatures vanquished.

Grand Total: 165 creatures vanquished

Notes
Turn   | Place    | Note
-------+----------+-------------------------------------------
     0 | D:1      | nonceun the Minotaur Berserker began the quest for the Orb.
     0 | D:1      | Reached XP level 1. HP: 19/19 MP: 0/0
   125 | D:1      | Reached skill level 4 in Axes
   194 | D:1      | Found a faded altar of an unknown god.
   247 | D:1      | Reached XP level 2. HP: 26/26 MP: 1/1
   902 | D:2      | Reached skill level 5 in Axes
   958 | D:2      | Reached ** piety under Trog
  1005 | D:2      | Reached XP level 3. HP: 30/31 MP: 2/2
  1852 | D:3      | Found Deyd Dim's Armour Shop.
  1894 | D:3      | Reached skill level 6 in Axes
  1894 | D:3      | Reached XP level 4. HP: 31/39 MP: 3/3
  2175 | D:3      | Found an iron altar of Okawaru.
  2816 | D:4      | Reached skill level 7 in Axes
  2816 | D:4      | Reached XP level 5. HP: 24/45 MP: 4/4
  3004 | D:4      | Noticed an ogre
  3019 | D:4      | Killed an ogre
  3020 | D:4      | Reached skill level 8 in Axes
  3020 | D:4      | Reached XP level 6. HP: 51/51 MP: 5/5
  3845 | D:4      | Reached skill level 9 in Axes
  3909 | D:5      | Entered Level 5 of the Dungeon
  3990 | D:5      | Reached XP level 7. HP: 42/57 MP: 6/6
  4107 | D:5      | Reached skill level 10 in Axes
  4226 | D:5      | Found a staircase to the Ecumenical Temple.
  4275 | D:5      | Reached *** piety under Trog
  4302 | Temple   | Entered the Ecumenical Temple
  4989 | D:5      | Found a glowing silver altar of Zin.
  5244 | D:5      | Found a glowing golden altar of the Shining One.
  5244 | D:5      | Found a sacrificial altar of Ru.
  5389 | D:6      | Reached skill level 11 in Axes
  5389 | D:6      | Reached XP level 8. HP: 60/67 MP: 7/7
  5537 | D:6      | Reached skill level 5 in Fighting
  5560 | D:6      | Found the +2 hood of the Assassin {Detection Stab+ Stlth++}
  5670 | D:6      | Reached skill level 1 in Shields
  5732 | D:6      | Noticed a troll
  5741 | D:6      | Killed a troll
  5742 | D:6      | Reached skill level 12 in Axes
  6118 | D:7      | Noticed a hornet
  6138 | D:7      | Killed a hornet
  6139 | D:7      | Reached XP level 9. HP: 28/79 MP: 8/8
  6207 | D:7      | Found a snail-covered altar of Cheibriados.
  6291 | D:7      | Found a sand-covered staircase.
  6297 | Ossuary  | Entered an ossuary
  6319 | Ossuary  | Reached skill level 13 in Axes
  6709 | D:7      | Noticed Menkaure
  6714 | D:7      | Killed Menkaure
  7013 | D:7      | Found a radiant altar of Vehumet.
  7178 | D:8      | Found a flagged portal.
  7179 | D:8      | Noticed Erica
  7212 | D:8      | Collided with a rock wall

Illustrated notes

Levels and vault maps discovered:
D:1:      grunt_arrival_lava_bath, layout_loops_ring,
          hellmonk_ecumenical_altar_blasted,
          wander_ebering_terrifying_dragon_lair
D:2:      layout_basic
D:3:      layout_loops_corners, okawaru_trees_2, serial_shops, shop,
          corexii_hall_statues_t
D:4:      layout_gridville
D:5:      layout_basic, zin_academy, gammafunk_temple_overflow_elements,
          minmay_temple_entry_ruins, patterned_corridor
D:6:      layout_basic
D:7:      layout_loops_ring, nicolae_vehumet_radiance,
          mainiacjoe_overflow_catwalk, nicolae_ossuary_entry_plus,
          serial_demonic, serial_demonic_b, serial_demonic_g, serial_demonic_d,
          serial_demonic_c, uniq_menkaure
D:8:      layout_loops_ring, enter_bailey_6, uniq_erica, uniq_psyche
Temple:   nicolae_temple_elliptical

Skill      XL: |  1  2  3  4  5  6  7  8  9 |
---------------+----------------------------+-----
Axes           | 4 5 6 7 8 9 11 12 13 | 13.6
Fighting       | 4 7 9 |  9.4
Shields        | 1 2 |  2.4
Armour         | |  2.4
Dodging        | |  2.1

Action                   |  1- 3 |  4- 6 |  7- 9 || total
-------------------------+-------+-------+-------++-------
Melee: Hand axe          |    75 |    85 |    59 ||   219
       Headbutt          |     6 |    14 |    49 ||    69
       Punch             |     1 |       |       ||     1
       War axe           |       |       |   220 ||   220
Invok: Berserk           |     1 |     3 |     4 ||     8
       Trog's Hand       |     1 |     1 |     8 ||    10
  Use: Potion            |       |     1 |     1 ||     2
       Scroll            |       |       |    10 ||    10
 Stab: Sleeping          |       |       |     1 ||     1
Armor: Ring mail         |     4 |       |       ||     4
       Leather armour    |    18 |    36 |    25 ||    79
       Ice dragon scales |       |       |   105 ||   105
Dodge: Dodged            |    36 |    39 |   106 ||   181
Block: Buckler           |       |       |    36 ||    36
